 BcadrenCrawl: Boulder Brew version 0.05.4-52-gbd2e00ed8b (webtiles) character file.

Game seed: 3784518994894819931, levelgen mode: deterministic

165 namelastname112 the Magician (level 5, 0/38 HPs) Immature Draconian Air Elementalist. Began on Apr 19, 2022. Slain by a crocodile (2 damage) ... on level 2 of the Dungeon. The game lasted 00:03:06 (1332 turns).

namelastname112 the Magician (DrAE)                 Turns: 1332, Time: 00:03:06

Health: 0/38       AC:  6    Str: 10    XL:     5 ^: 143
Magic:  3/12       EV: 12    Int: 17    God:
Gold:   53         SH:  0    Dex: 11    Spells: 10/14 levels left

rFire    . . .     Vision   .   a - +0 short sword
rCold    . . .     Gourm    .   (no weapon)
rNeg     . . .     Faith    .   (armour unavailable)
rCorr    . . .     Spirit   .   (helmet restricted)
rPois    .         Reflect  .   (no cloak)
rElec    .         Harm     .   (no gloves)
MR       .....                  (no boots)
Stlth    ++........             (no amulet)
HPRegen  0.22/turn              (no ring)
MPRegen  0.22/turn              (no ring)

@: no status effects
A: deformed body 2, cold-blooded, AC +6
a: Breathe Dart


You were on level 2 of the Dungeon.
You were not hungry.

You visited 1 branch of the dungeon, and saw 2 of its levels.

You collected 53 gold pieces.

Inventory:

Weapons
 a - a +0 short sword (weapon)
Scrolls
 d - a scroll of blinking
 e - 3 scrolls of fear
Potions
 f - a potion of magic
Comestibles
 b - 4 rations


   Skills:
 + Level 1.8 Dodging
 + Level 1.5 Stealth
 + Level 0.1 Unarmed Combat
 + Level 5.2 Spellcasting
 + Level 3.6 Air Magic


You had 10 spell levels left.
You knew the following spells:

 Your Spells              Type           Power        Failure   Level  Hunger
a - Shock                 Air            16 (25)      3%          1    0
x - Static Discharge      Air            16 (100)     10%         3    31-91

Your spell library contained the following spells:

 Spells                   Type           Power        Failure   Level  Hunger
 Swiftness Chrm/Air 10 (100) 10% 2 0-31 Airstrike Air 16 (200) 32% 4 111-211 Lightning Bolt Air            16 (200)     65%         5    231-391


Dungeon Overview and Level Annotations

Branches:
Dungeon (2/8)

Altars:


Innate Abilities, Weirdness & Mutations

Your plain brown scales are resilient. (AC +6)
You can breathe rudimentary magical darts.
You cannot wear any armour on your peculiar form.
You are cold-blooded and are slowed more easily by cold attacks.


Message History

The crocodile bites you (8)!
* * * LOW HITPOINT WARNING * * *
Casting: Static Discharge (safe; 10% risk of failure)
Confirm with . or Enter, or press ? or * to list all spells.
Aiming: Shock (safe; 3% risk of failure)
Press: ? - help, Shift-Dir - straight line, f/p - crocodile
Aim: a crocodile (86%, 90% to-hit, moderately wounded (19/29), 78% (Melee))
The zap hits the crocodile (2).
The crocodile is heavily wounded. (17/29) HP The crocodile bites you (8)!
* * * LOW HITPOINT WARNING * * *
Casting: Shock (safe; 3% risk of failure)
Confirm with . or Enter, or press ? or * to list all spells.
Aiming: Shock (safe; 3% risk of failure)
Press: ? - help, Shift-Dir - straight line, f/p - crocodile
Aim: a crocodile (86%, 90% to-hit, heavily wounded (17/29), 78% (Melee))
The zap hits the crocodile (3).
The crocodile is heavily wounded. (14/29) HP The crocodile bites you (2).
You die...

PP≈≈≈≈≈≈≈≈≈≈
###.########
#≈≈### ##.##≈#
#.≈##≈#####
###≈#.≈≈#≈#
##########.##≈.≈#
≈<≈≈≈#≈.#######t##
#####≈≈#########@#
###.≈#≈≈.#≈.≈#
##..##≈#≈###
##≈###.## ### #≈#
#≈# ###


You could see a crocodile.

Vanquished Creatures
  Terence (D:2)
  3 giant cockroaches (D:1)
  A gnoll (D:1)
  2 cinder newts (D:1)
  3 oozes (D:1)
  2 dart slugs (D:1)
  3 leopard geckos (D:1)
  4 bats (D:1)
  10 goblins (D:1)
  9 hobgoblins (D:1)
  9 kobolds (D:1)
  A leopard gecko skeleton (D:2)
  6 rats (D:1)
  2 withered plants (D:2)
56 creatures vanquished.

Vanquished Creatures (others)
  A kobold (D:1)
  A plant (D:2)
  3 withered plants (D:2)
5 creatures vanquished.

Grand Total: 61 creatures vanquished

Notes
Turn   | Place    | Note
-------+----------+-------------------------------------------
     0 | D:1      | namelastname112 the Immature Draconian Air Elementalist
                  | began the quest for the Orb.
     0 | D:1      | Reached XP level 1. HP: 14/14 MP: 4/4
    83 | D:1      | Reached XP level 2. HP: 19/20 MP: 0/5
   169 | D:1      | Reached skill level 3 in Spellcasting
   311 | D:1      | Reached XP level 3. HP: 22/26 MP: 1/7
   320 | D:1      | Learned a level 3 spell: Static Discharge
   664 | D:1      | Reached skill level 4 in Spellcasting
   664 | D:1      | Reached XP level 4. HP: 32/33 MP: 7/10
   952 | D:1      | Reached skill level 5 in Spellcasting
  1001 | D:1      | Reached XP level 5. HP: 38/38 MP: 9/12
  1280 | D:2      | Noticed Terence
  1288 | D:2      | Killed Terence
  1332 | D:2      | Slain by a crocodile

Levels and vault maps discovered:
D:1:      onia_arrival_handbag, layout_basic, kennysheep_generic_room_7
D:2:      layout_sewer, kennysheep_vampire_church, yredelemnul_altar_generic,
          sewer_frog_spiral, guppyfry_early_lair_pool, uniq_terence

Skill      XL: |  1  2  3  4 |
---------------+-------------+-----
Spellcasting   | 3 4 5 |  5.2
Air Magic      | 3 |  3.6
Dodging        | |  1.8
Stealth        | |  1.5
Unarmed Combat | |  0.1

Action                   |  1- 3 |  4- 6 || total
-------------------------+-------+-------++-------
Melee: Unarmed           |    26 |     9 ||    35
       Short sword       |    12 |    10 ||    22
       Peck              |     3 |     1 ||     4
 Cast: Shock             |    70 |    48 ||   118
       Static Discharge  |       |     4 ||     4
 Abil: Breathe Dart      |     1 |       ||     1
  Use: Potion            |       |     1 ||     1
  Eat: Chunk             |       |     2 ||     2
Armor: Skin              |     2 |     6 ||     8
Dodge: Dodged            |     7 |     6 ||    13
